AoeStats
← Matlex

Black Forest

508257416Analyzed
3v3 RM · 10d ago on Sep 21, 2026· 57m 12s· 6 players
Game mode
Random Map
Map size
Normal (6 player)
Population
200
Speed
Normal
Resources
Standard
Victory
Conquest
Starting age
Dark Age
Ending age
Imperial Age
RankedLock teamsTeams togetherTeam positionsShared explorationLock speedFull tech treeHidden civsTurbo modeCheats
Victory
Defeat
🇨🇿 Teutons · Czechia
865
+16
🇨🇿 Turks · Czechia
865
+16
🇨🇿 Britons · Czechia
850
+17
🇺🇾 Persians · Uruguay
884
-18
🇺🇾 Bohemians · Uruguay
867
-16
🇺🇾 Teutons · Uruguay
842
-17
Majk
10:10 Feudal Age
11:10 Double-Bit Axe
12:25 Wheelbarrow
17:34 Castle Age
15:36 Stone Mining
17:06 Horse Collar
19:41 Bow Saw
20:59 Gold Mining
21:59 Loom
22:41 Hand Cart
23:48 Caravan
24:44 Heavy Plow
24:48 Scale Mail Armor
26:49 Scale Barding Armor
28:13 Squires
27:34 Pikeman
27:59 Arson
32:48 Imperial Age
31:29 Forging
31:34 Chain Mail Armor
31:40 Chain Barding Armor
31:51 Ballistics
33:12 Coinage
33:21 Iron Casting
32:36 Fletching
33:05 Bloodlines
33:03 Cavalier
34:50 Chemistry
33:36 Heavy Scorpion
34:27 Halberdier
39:19 Plate Barding Armor
39:14 Plate Mail Armor
40:28 Paladin
44:10 Padded Archer Armor
46:20 Blast Furnace
48:03 Leather Archer Armor
47:44 Bodkin Arrow
53:51 Ring Archer Armor
53:45 Bombard Tower
53:17 Heated Shot
53:33 Siege Engineers
53:39 Masonry
53:39 Fortified Wall
53:20 Guard Tower
54:31 Stone Shaft Mining
Surgen
11:36 Feudal Age
12:03 Double-Bit Axe
12:08 Horse Collar
18:00 Castle Age
16:45 Gold Mining
17:26 Stone Mining
18:51 Bow Saw
18:54 Heavy Plow
20:41 Wheelbarrow
22:22 Gold Shaft Mining
24:25 Caravan
24:58 Padded Archer Armor
24:48 Fletching
27:43 Hand Cart
30:47 Leather Archer Armor
36:04 Imperial Age
34:09 Bodkin Arrow
34:48 Ballistics
38:09 Two-Man Saw
37:38 Artillery
39:23 Elite Janissary
41:15 Siphons
46:41 Ring Archer Armor
46:11 Bracer
45:39 Heavy Cavalry Archer
46:44 Parthian Tactics
53:18 Forging
53:09 Scale Mail Armor
53:14 Scale Barding Armor
57:27 Theocracy
57:13 Heresy
57:13 Sanctity
56:54 Devotion
57:04 Redemption
56:54 Atonement
57:05 Fervor
57:19 Chain Barding Armor
57:15 Chain Mail Armor
57:35 Iron Casting
ThorhammerCZ
14:01 Feudal Age
14:36 Double-Bit Axe
14:39 Horse Collar
19:54 Gold Mining
21:11 Stone Mining
24:59 Castle Age
26:02 Bow Saw
25:54 Heavy Plow
26:34 Gold Shaft Mining
28:20 Caravan
33:48 Padded Archer Armor
33:38 Fletching
34:13 Ballistics
36:41 Imperial Age
35:32 Squires
34:52 Pikeman
36:08 Yeomen
37:47 Leather Archer Armor
37:49 Town Watch
38:39 Wheelbarrow
39:21 Elite Longbowman
41:58 Chemistry
41:13 Masonry
40:49 Arrowslits
42:22 Bodkin Arrow
42:34 Scale Mail Armor
42:44 Forging
43:01 Hand Cart
42:47 Town Patrol
45:38 Halberdier
48:15 Ring Archer Armor
47:45 Bracer
48:21 Iron Casting
48:02 Chain Mail Armor
48:54 Hoardings
53:27 Plate Mail Armor
53:57 Blast Furnace
Matlex
5:31 Loom
13:30 Feudal Age
14:07 Double-Bit Axe
14:05 Horse Collar
20:12 Castle Age
21:11 Bow Saw
21:55 Heavy Plow
24:29 Wheelbarrow
23:40 Town Watch
25:36 Fletching
25:47 Padded Archer Armor
27:17 Hand Cart
28:11 Town Patrol
28:22 Town Patrol
32:27 Imperial Age
30:40 Coinage
30:36 Ballistics
30:02 Treadmill Crane
31:37 Chemistry
30:19 Treadmill Crane
30:54 Masonry
33:06 Wagenburg Tactics
33:02 Murder Holes
33:19 Fortified Wall
33:21 Siege Engineers
34:04 Houfnice
35:41 Architecture
37:03 Hussite Reforms
38:02 Fervor
38:05 Redemption
38:19 Sanctity
38:00 Devotion
38:26 Illumination
38:16 Block Printing
38:09 Atonement
40:26 Elite Hussite Wagon
41:07 Herbal Medicine
41:48 Theocracy
41:34 Heresy
41:35 Faith
49:18 Bodkin Arrow
49:38 Leather Archer Armor
Mate
12:37 Loom
14:50 Feudal Age
20:14 Castle Age
18:49 Double-Bit Axe
18:48 Horse Collar
19:12 Stone Mining
21:39 Bow Saw
26:41 Heavy Plow
28:01 Kamandaran
28:51 Crossbowman
31:03 Thumb Ring
32:07 Murder Holes
32:32 Ballistics
34:25 Wheelbarrow
34:00 Caravan
35:15 Pikeman
39:17 Imperial Age
37:44 Gold Mining
38:03 Scale Barding Armor
37:50 Fletching
38:02 Padded Archer Armor
39:50 Halberdier
45:41 Crop Rotation
50:35 Elite War Elephant
Sinon
14:42 Feudal Age
16:06 Horse Collar
18:57 Wheelbarrow
18:40 Double-Bit Axe
19:06 Gold Mining
19:09 Stone Mining
22:37 Scale Mail Armor
22:53 Forging
22:52 Scale Barding Armor
23:49 Bloodlines
25:50 Castle Age
23:51 Man-at-Arms
26:57 Hand Cart
27:32 Heavy Plow
27:22 Long Swordsman
27:49 Gambesons
28:11 Squires
32:05 Bow Saw
32:34 Stone Shaft Mining
38:31 Imperial Age
38:41 Imperial Age
37:22 Chain Mail Armor
37:45 Iron Casting
39:16 Ironclad
39:52 Elite Teutonic Knight
45:40 Crenellations
45:41 Ironclad
46:03 Cavalier
52:18 Chain Barding Armor
52:15 Paladin
52:46 Paladin
55:37 Plate Barding Armor
Connection lost

Rejoining the realm…

Still unreachable

The connection could not be restored.

Session expired

The server has moved on; the page needs a fresh start.